Map: Heavy Artillery LE

Players

INTIMIDATOR - Winner!

  • Race: Protoss Protoss
  • Spawn Location: 7:00

Xplorer - Winner!

  • Race: Zerg Zerg
  • League: Platinum
  • Spawn Location: 7:00

BBTheDroid

  • Race: Protoss Protoss
  • Spawn Location: 3:00

Kaxolix

  • Race: Terran Terran
  • League: Silver
  • Spawn Location: 1:00

VOD

Have the link to the VOD?

Description

Time

  • Played on: Aug. 12, 2024, 2:12 p.m.
  • Length: 15:12
Show
View Real Time Build Order
Export as new Build Order

INTIMIDATOR Protoss - Winner!

Build Orders: Nexus First 

Get SALT Encoding   

  12  0:38  Nexus  
  12  0:39  Probe (Chrono Boost)  
  13  0:49  Probe (Chrono Boost)  
  14  0:54  Probe (Chrono Boost)  
  15  0:58  Pylon  
  15  1:25  Probe (Chrono Boost)  
  16  1:31  Gateway  
  16  1:33  Gateway  
  16  1:35  Assimilator  
  16  1:37  Probe (Chrono Boost)  
  17  1:46  Probe (Chrono Boost)  
  18  1:52  Probe  
  19  2:00  Probe (Chrono Boost)  
  20  2:06  Probe (Chrono Boost)  
  23  2:17  Probe x2 (Chrono Boost)  
  23  2:18  Cybernetics Core  
  23  2:23  Probe (Chrono Boost)  
  23  2:27  Gateway  
  25  2:31  Probe (Chrono Boost)  
  25  2:35  Assimilator, Probe (Chrono Boost)  
  26  2:41  Probe x2 (Chrono Boost)  
  28  2:53  Assimilator  
  28  2:55  Probe x2  
  28  2:56  Assimilator  
  30  3:04  Stalker  
  32  3:06  Sentry  
  32  3:07  Probe  
  35  3:14  Stalker  
  35  3:15  Probe  
  38  3:29  Pylon  
  38  3:37  Pylon  
  38  3:39  Twilight Council  
  38  3:47  Probe x2  
  40  3:50  Pylon  
  40  4:00  Probe (Chrono Boost)  
  41  4:06  Probe (Chrono Boost)  
  42  4:11  Blink (Chrono Boost)  
  42  4:12  Probe (Chrono Boost)  
  42  4:16  Probe (Chrono Boost)  
  44  4:18  Probe (Chrono Boost)  
  44  4:21  Probe (Chrono Boost)  
  46  4:25  Probe  
  47  4:32  Probe  
  47  4:35  Pylon  
  47  4:36  Nexus  
  47  4:37  Probe  
  49  4:44  Probe  
  49  4:45  Shield Battery  
  50  4:49  Stalker x3  
  50  4:50  Probe  
  57  4:56  Probe  
  58  5:02  Probe  
  59  5:08  Probe  
  60  5:17  Probe  
  60  5:18  Stalker  
  60  5:19  Stalker  
  60  5:20  Probe  
  66  5:21  Stalker  
  66  5:26  Pylon  
  68  5:29  Probe  
  68  5:33  Probe  
  70  5:44  Nexus, Probe  
  70  5:45  Probe  
  70  5:48  Stalker  
  70  5:49  Stalker  
  76  5:51  Stalker  
  76  5:52  Assimilator  
  76  5:53  Probe  
  76  5:56  Assimilator, Probe  
  80  5:57  Probe  
  80  5:58  Pylon  
  80  6:00  Pylon  
  81  6:05  Probe  
  81  6:07  Pylon  
  81  6:08  Probe  
  81  6:09  Probe  
  84  6:17  Probe  
  85  6:18  Stalker  
  85  6:21  Probe x2  
  89  6:30  Probe  
  90  6:33  Probe  
  90  6:37  Probe  
  92  6:40  Stalker x2  
  92  6:42  Probe  
  92  6:43  Robotics Facility  
  92  6:44  Charge  
  92  6:45  Probe  
  98  6:48  Stalker  
  98  6:51  Gateway  
  100  6:57  Gateway  
  100  6:58  Pylon  
  100  7:00  Probe x4  
  104  7:01  Pylon  
  104  7:10  Stalker  
  104  7:12  Probe  
  104  7:14  Probe x2  
  109  7:16  Assimilator  
  109  7:20  Stalker  
  109  7:21  Stalker  
  109  7:22  Assimilator  
  113  7:24  Warp Gate (Chrono Boost)  
  113  7:26  Probe  
  113  7:27  Probe x3  
  117  7:32  Gateway  
  117  7:35  Gateway  
  117  7:37  Nexus  
  117  7:39  Pylon, Probe  
  117  7:40  Gateway, Pylon  
  117  7:42  Gateway  
  117  7:43  Pylon  
  117  7:44  Probe x3  
  120  7:51  Probe  
  122  7:56  Probe x3  
  122  7:57  Forge  
  122  7:58  Forge  
  125  8:02  Forge  
  125  8:03  Pylon, Probe  
  126  8:08  Probe x3  
  126  8:11  Pylon  
  129  8:15  Probe  
  129  8:16  Assimilator  
  130  8:20  Probe x3  
  130  8:21  Assimilator  
  130  8:24  Shield Battery  
  130  8:26  Shield Battery  
  133  8:28  Probe  
  133  8:29  Stalker x2  
  133  8:32  Probe x3  
  141  8:37  Stalker x6  
  141  8:40  Probe  
  154  8:43  Robotics Bay  
  154  8:53  Probe x3  
  157  8:59  Nexus, Probe  
  157  9:00  Probe  
  159  9:04  Protoss Ground Weapons Level 1 (Chrono Boost), Protoss Ground Armor Level 1 (Chrono Boost), Pylon, Protoss Shields Level 1 (Chrono Boost)  
  159  9:07  Pylon  
  159  9:15  Probe  
  159  9:16  Probe x4  
  164  9:17  Nexus  
  164  9:24  Assimilator  
  164  9:28  Assimilator, Probe x3  
  164  9:29  Probe x2  
  169  9:32  Pylon x2  
  169  9:33  Pylon  
  169  9:39  Assimilator  
  169  9:42  Assimilator  
  169  9:46  Probe  
  169  9:47  Probe x4  
  169  9:50  Gravitic Boosters  
  169  9:51  Observer  
  175  10:00  Gateway  
  175  10:01  Gateway  
  175  10:03  Gateway  
  175  10:04  Gateway, Pylon, Probe x3  
  178  10:07  Gateway  
  178  10:09  Gateway  
  178  10:11  Gateway, Probe x2  
  180  10:16  Probe  
  180  10:17  Gateway  
  180  10:19  Gateway  
  181  10:22  Gateway  
  181  10:24  Gateway  
  181  10:26  Gateway  
  181  10:27  Gateway  
  181  10:29  Gateway  
  181  10:30  Pylon  
  181  10:31  Gateway  
  181  10:33  Probe x5  
  186  10:36  Pylon  
  186  10:45  Probe x2  
  186  10:46  Cybernetics Core  
  187  10:50  Protoss Ground Armor Level 2 (Chrono Boost), Protoss Ground Weapons Level 2 (Chrono Boost), Protoss Shields Level 2 (Chrono Boost)  
  183  11:14  Nexus  
  183  11:36  Gateway, Nexus  
  183  11:38  Gateway, Pylon x2  
  183  11:40  Gateway  
  183  11:43  Gateway  
  183  11:44  Gateway  
  175  11:56  Stalker x2  
  175  11:57  Stalker x4  
  175  11:58  Stalker x7  
  175  11:59  Stalker x3  
  175  12:00  Stalker  
  180  12:08  Stalker  
  180  12:09  Stalker x5  
  180  12:10  Stalker  
  180  12:14  Gateway  
  194  12:16  Gateway  
  194  12:17  Gateway  
  194  12:20  Stalker  
  194  12:21  Stalker x2  
  198  12:23  Gateway  
  178  12:30  Stalker  
  178  12:31  Stalker x4  
  178  12:32  Stalker x3  
  178  12:33  Stalker x5  
  178  12:34  Stalker x2  
  178  12:35  Stalker  
  179  12:44  Stalker x4  
  179  12:45  Stalker x4  
  193  12:56  Zealot x4  
  193  12:57  Zealot x5  
  193  12:58  Zealot x5  
  195  12:59  Zealot x2  
  191  13:09  Stalker x2  
  191  13:10  Stalker x3  
  191  13:14  Stalker x3  
  183  13:22  Stalker  
  183  13:23  Stalker x3  
  183  13:24  Stalker x5  
  199  13:47  Pylon  
  193  13:57  Nexus  
  193  14:01  Pylon  
  193  14:03  Pylon  
  193  14:08  Stalker  
  193  14:09  Stalker x2  
Show
View Real Time Build Order
Export as new Build Order

Xplorer Zerg - Winner!

Build Orders: Pool First 

Get SALT Encoding   

  12  0:00  Drone  
  13  0:09  Drone  
  14  0:22  Extractor x2  
  14  0:23  Drone  
  14  0:24  Drone  
  16  0:30  Overlord  
  16  0:49  Drone x2  
  18  0:55  Spawning Pool  
  18  0:56  Drone  
  18  1:08  Drone  
  19  1:21  Drone  
  19  1:25  Extractor  
  19  1:28  Drone  
  19  1:29  Hatchery  
  19  1:42  Queen  
  19  1:43  Drone  
  22  1:55  Overlord  
  22  2:11  Overlord  
  22  2:17  Spine Crawler, Queen  
  23  2:24  Drone x2  
  23  2:27  Metabolic Boost  
  25  2:38  Zergling x2  
  25  2:41  Zergling x2  
  25  2:43  Queen  
  29  2:48  Zergling x2  
  30  2:52  Drone x3  
  30  2:54  Drone  
  34  3:02  Drone x2  
  36  3:07  Extractor  
  36  3:09  Overlord  
  35  3:14  Drone  
  36  3:25  Drone  
  36  3:26  Drone x4  
  41  3:37  Drone, Spore Crawler  
  41  3:40  Spore Crawler  
  40  3:42  Drone  
  40  3:46  Drone, Extractor  
  41  3:51  Zergling x6  
  44  4:00  Drone x4  
  46  4:24  Drone  
  46  4:25  Drone x3  
  50  4:35  Lair  
  50  4:39  Drone  
  50  4:40  Drone x2  
  52  4:48  Roach Warren  
  52  4:49  Extractor  
  52  4:50  Zergling x2  
  52  4:51  Zergling x2, Overlord  
  52  4:52  Hatchery, Overlord  
  51  5:06  Pneumatized Carapace  
  51  5:11  Overlord  
  51  5:13  Zergling x10  
  51  5:14  Zergling x2  
  57  5:21  Overlord  
  57  5:32  Roach x2  
  57  5:33  Roach x3  
  67  5:37  Glial Reconstitution  
  67  5:49  Burrow, Overlord x2  
  67  5:50  Roach  
  67  5:51  Roach  
  71  6:06  Drone  
  71  6:07  Drone, Overlord  
  71  6:08  Roach  
  75  6:17  Spire  
  74  6:25  Overseer  
  74  6:26  Overseer  
  74  6:32  Drone  
  75  6:33  Drone x7  
  75  6:34  Drone  
  83  6:42  Infestation Pit  
  82  6:56  Tunneling Claws  
  82  7:05  Evolution Chamber x2  
  82  7:06  Overlord x2  
  82  7:08  Evolution Chamber, Roach x4  
  87  7:18  Overlord x2  
  87  7:25  Hive  
  87  7:42  Hatchery, Extractor x2  
  84  7:47  Corruptor  
  84  7:50  Hatchery  
  87  7:58  Drone x3  
  87  7:59  Drone x5  
  93  8:22  Drone x5  
  93  8:23  Drone  
  98  8:39  Zerg Melee Weapons Level 1, Zerg Missile Weapons Level 1, Zerg Ground Armor Level 1  
  98  8:42  Adrenal Glands  
  98  8:46  Overlord x3  
  98  8:47  Drone x5  
  103  9:06  Drone x5  
  103  9:07  Drone x5  
  113  9:16  Extractor  
  112  9:20  Extractor  
  112  9:22  Hatchery  
  110  9:38  Corruptor x3  
  110  9:39  Corruptor x2  
  110  9:41  Nydus Network x2  
  110  9:43  Nydus Network  
  117  9:58  Corruptor x3  
  117  9:59  Corruptor x2  
  127  10:01  Overlord x2  
  127  10:23  Greater Spire  
  127  10:30  Hatchery, Corruptor x3, Ultralisk Cavern  
  131  11:14  Zerg Missile Weapons Level 2, Zerg Ground Armor Level 2, Zerg Melee Weapons Level 2  
  131  11:17  Anabolic Synthesis  
  131  11:28  Nydus Canal  
  131  11:30  Nydus Canal  
  131  11:36  Drone x4  
  131  11:37  Drone x2  
  137  11:44  Ultralisk x3  
  154  11:59  Chitinous Plating  
  133  12:11  Brood Lord x4  
  125  12:17  Extractor  
  125  12:18  Extractor  
  123  12:24  Zergling x4  
  123  12:25  Zergling x8  
  123  12:26  Zergling x14  
  123  12:27  Zergling x10  
  123  12:28  Zergling x10  
  123  12:29  Zergling x8  
  150  12:35  Nydus Canal  
  150  12:37  Nydus Canal  
  150  13:01  Ultralisk x2  
  150  13:02  Ultralisk x3  
  150  13:03  Zergling x6  
  177  13:32  Zergling x6  
  177  13:33  Zergling x10  
  177  13:34  Zergling x8  
  184  13:35  Zergling x10  
  190  13:46  Overseer  
Show
View Real Time Build Order
Export as new Build Order

BBTheDroid Protoss 

Build Orders: Double Forge, Zealot Archon 

Get SALT Encoding   

  12  0:00  Probe  
  13  0:12  Probe  
  14  0:23  Pylon  
  14  0:38  Probe (Chrono Boost)  
  15  0:48  Probe (Chrono Boost)  
  16  0:52  Probe (Chrono Boost)  
  16  0:53  Gateway  
  17  1:04  Probe  
  18  1:16  Probe  
  19  1:24  Assimilator  
  19  1:26  Assimilator  
  19  1:28  Probe  
  20  1:40  Probe  
  20  1:44  Cybernetics Core  
  21  1:52  Probe  
  22  2:05  Nexus  
  22  2:13  Cybernetics Core  
  22  2:20  Forge  
  22  2:28  Pylon  
  22  2:32  Pylon  
  22  2:38  Pylon  
  22  2:47  Warp Gate (Chrono Boost)  
  22  2:58  Protoss Ground Weapons Level 1  
  22  3:04  Forge  
  22  3:10  Twilight Council  
  22  3:17  Probe (Chrono Boost)  
  25  3:28  Probe (Chrono Boost)  
  25  3:29  Probe (Chrono Boost)  
  25  3:36  Probe (Chrono Boost)  
  25  3:37  Probe (Chrono Boost)  
  27  3:41  Probe (Chrono Boost)  
  27  3:43  Probe  
  29  3:52  Templar Archives  
  29  3:53  Probe  
  29  3:55  Protoss Ground Armor Level 1, Probe  
  31  4:06  Probe  
  31  4:08  Probe  
  33  4:12  Assimilator  
  33  4:18  Probe  
  33  4:20  Probe  
  35  4:31  Probe  
  36  4:32  Charge, Probe  
  37  4:40  Gateway  
  37  4:42  Gateway  
  37  4:43  Probe  
  37  4:44  Probe  
  37  4:45  Gateway  
  39  4:52  Gateway  
  39  4:55  Probe  
  39  4:56  Gateway  
  40  5:04  Probe  
  41  5:15  High Templar  
  41  5:16  Probe  
  41  5:19  Protoss Ground Weapons Level 2  
  44  5:41  Assimilator  
  44  6:09  High Templar  
  46  6:15  Protoss Ground Armor Level 2  
  46  6:41  Archon  
  46  6:48  High Templar  
  46  6:49  High Templar x2  
  46  6:50  High Templar  
  54  7:06  Archon x2  
  54  7:14  Sentry  
  56  7:16  Sentry  
  58  7:33  Nexus  
  58  7:37  Pylon  
  58  7:49  High Templar x2  
  62  8:02  Pylon  
  62  8:06  Pylon  
  62  8:09  Pylon  
  62  8:12  Pylon  
  62  8:22  Pylon  
  62  8:26  Pylon  
  62  8:35  Protoss Ground Weapons Level 3  
  62  8:37  Psionic Storm  
  62  8:51  Protoss Air Armor Level 1  
  62  9:00  Probe (Chrono Boost)  
  63  9:03  Shield Battery  
  63  9:06  Shield Battery  
  63  9:08  Probe (Chrono Boost)  
  65  9:11  Probe (Chrono Boost)  
  65  9:16  Probe (Chrono Boost)  
  66  9:18  Probe (Chrono Boost)  
  66  9:21  Probe (Chrono Boost)  
  66  9:22  Dark Shrine  
  68  9:26  Probe  
  68  9:30  Robotics Facility  
  69  9:32  Probe  
  69  9:36  Stargate  
  69  9:38  Probe, Stargate  
  70  9:39  Stargate  
  70  9:41  Stargate  
  70  9:44  Assimilator, Probe  
  72  9:50  Assimilator  
  72  9:51  Probe (Chrono Boost)  
  73  10:03  Probe (Chrono Boost), Zealot x2  
  73  10:04  Zealot x2  
  73  10:05  Zealot x2  
  86  10:08  Probe (Chrono Boost)  
  87  10:17  Probe  
  87  10:19  Gateway x2  
  87  10:20  Gateway  
  88  10:22  Gateway  
  88  10:23  Gateway x2  
  88  10:30  Probe  
  88  10:32  Zealot x2  
  88  10:33  Zealot x3  
  88  10:34  Zealot  
  101  10:50  Fleet Beacon  
  101  11:15  Zealot x2  
  101  11:16  Zealot x3  
  101  11:17  Zealot x2  
  101  11:18  Zealot  
  117  11:25  Protoss Shields Level 1  
  117  11:33  Observer  
  118  11:41  Adept x2, Protoss Air Weapons Level 1  
  118  11:42  Adept x2  
  118  11:43  Adept x2  
  118  11:44  Adept  
  92  12:50  Zealot  
  92  12:51  Zealot x5  
  49  13:21  Zealot x2  
  49  13:22  Zealot x4  
  41  13:38  Zealot  
Show
View Real Time Build Order
Export as new Build Order

Kaxolix Terran 

Build Orders:  

Get SALT Encoding   

  12  0:00  SCV  
  13  0:12  SCV  
  14  0:24  SCV  
  14  0:25  Supply Depot  
  15  0:31  Refinery  
  15  0:47  SCV  
  15  0:49  Barracks  
  16  0:56  Supply Depot  
  16  1:01  SCV  
  17  1:13  SCV  
  18  1:22  Refinery  
  18  1:25  SCV  
  19  1:31  Barracks  
  19  1:37  Marine  
  20  1:42  Factory  
  20  1:50  SCV  
  21  1:55  Marine  
  22  2:02  SCV  
  23  2:12  Marine  
  23  2:14  SCV  
  25  2:27  Factory Tech Lab  
  25  2:30  Barracks  
  25  2:33  Barracks Reactor  
  25  2:40  SCV  
  25  2:42  Supply Depot  
  26  2:47  Supply Depot  
  26  2:51  Siege Tank  
  29  3:07  Engineering Bay  
  29  3:14  Engineering Bay  
  29  3:17  Engineering Bay  
  29  3:20  Barracks Tech Lab  
  29  3:21  Marine x2  
  31  3:39  Marine x2  
  33  3:58  Bunker  
  33  4:10  Bunker  
  31  4:32  Marine x2  
  31  4:33  Combat Shield  
  31  4:35  Siege Tank  
  36  4:47  Bunker  
  36  4:49  Marine  
  36  4:50  Marine  
  38  5:04  Bunker  
  38  5:09  Supply Depot  
  38  5:20  Supply Depot  
  38  5:36  Marine x2, Command Center  
  40  5:48  Refinery  
  40  5:53  Refinery  
  40  5:54  Marine x2  
  42  6:13  SCV  
  43  6:19  Supply Depot  
  43  6:21  Supply Depot  
  43  6:25  SCV  
  44  6:43  Marine x2  
  46  6:54  Barracks  
  46  6:57  Siege Tank  
  49  7:14  Bunker  
  49  7:27  Bunker  
  49  7:32  SCV  
  49  7:33  SCV, Supply Depot  
  51  7:44  SCV  
  51  7:45  SCV, Supply Depot  
  53  7:53  Supply Depot  
  53  7:56  Supply Depot  
  53  7:57  SCV  
  54  8:14  SCV  
  54  8:18  Orbital Command  
  55  8:20  Terran Infantry Weapons Level 1  
  55  8:22  Terran Infantry Armor Level 1  
  55  8:26  SCV  
  56  8:42  SCV  
  56  8:44  SCV  
  59  8:56  SCV, Orbital Command  
  59  9:05  Barracks Reactor  
  59  9:07  Marine  
  59  9:08  SCV, Marine  
  59  9:09  Siege Tank, Marauder  
  67  9:42  Marine x4, Factory  
  71  10:12  Marine x2  
  71  10:13  Marine x2  
  75  10:14  Marauder  
  75  10:18  Siege Tank  
  80  10:30  Marine x2  
  80  10:31  Marine x2  
  84  10:36  Marauder  
  86  10:50  Siege Tank  
  81  11:10  Marine x4, Marauder  
  80  11:19  Armory  
  80  11:24  Armory  
  80  11:27  Marine x2  
  80  11:28  Marine x2  
  76  12:19  Siege Tank, Factory Tech Lab  
  76  12:21  Marine x2  
  76  12:22  Marine x2  
  83  12:23  Marauder  
  83  12:28  Terran Vehicle Weapons Level 1  
  83  12:29  Terran Vehicle And Ship Armor Level 1  
  81  12:39  Marine x2  
  81  12:40  Marine x2  
  84  12:45  Marauder  
  84  12:51  Siege Tank  
  72  13:03  Marine x2  
  69  13:21  Marine x2  
  69  13:25  Marine x2  
  61  13:27  Marauder  
  50  13:39  Marine x2  
  40  13:42  Marine  
  29  13:57  Marine x2  
  27  14:04  Marine  
Tags
 
Add a new tag
Caveats
  • Supply blocks, unpowered buildings, or Contaminate may cause inaccurate times.
  • Supply counts are checked every 10 seconds.